 Dungeon Crawl Stone Soup version 0.31-a0-1093-gadecf4124d (webtiles) character file.

Game seed: 5741585238330702444

77 Malachi the Shooter (level 4, -1/36 HPs)
             Began as a Demonspawn Hunter on Nov 29, 2023.
             Slain by an orc priest
             ... wielding a +0 short sword
              (4 damage)
             ... on level 3 of the Dungeon.
             The game lasted 00:02:08 (1400 turns).

Malachi the Shooter (Demonspawn Hunter)             Turns: 1400, Time: 00:02:08

Health: -1/36      AC:  4    Str: 12    XL:     4   Next: 14%
Magic:  4/4        EV: 12    Int: 10    God:
Gold:   87         SH:  0    Dex: 18    Spells: 3/3 levels left

rFire   . . .        a - +0 shortbow
rCold   . . .        (shield currently unavailable)
rNeg    . . .        c - +0 leather armour
rPois   .            (no helmet)
rElec   .            (no cloak)
rCorr   .            (no gloves)
SInv    .            (no boots)
Will    .....        (no amulet)
Stlth   ++           (no ring)
HPRegen 0.26/turn    (no ring)
MPRegen 0.09/turn

%: no passive effects
@: mighty
A: rugged brown scales 1, demonic touch 1
a: no special abilities


You were on level 3 of the Dungeon.
You visited 1 branch of the dungeon, and saw 3 of its levels.

You collected 87 gold pieces.

Inventory:

Hand Weapons
 a - a +0 shortbow (weapon)
Missiles
 e - a throwing net
Armour
 c - a +0 leather armour (worn)
Scrolls
 b - a scroll of butterflies
 f - a scroll of enchant weapon {unknown}
 g - a scroll of identify {unknown}
 h - a scroll of poison {unknown}
 i - a scroll of amnesia {unknown}


   Skills:
 + Level 3.1 Fighting
 + Level 1.7 Short Blades
 - Level 4.2 Ranged Weapons
 - Level 1.7 Dodging
 - Level 0.8 Stealth


You had 3 spell levels left.
You didn't know any spells.
Your spell library was empty.

Dungeon Overview and Level Annotations

Branches:
Dungeon (3/15)

Altars:
Dithmenos

Shops:
D:2 =


Innate Abilities, Weirdness & Mutations

You are partially covered in rugged brown scales. (AC +1, +3% HP)
Your touch may inflict minor irresistible damage on your foes.


Message History

Fire: a) +0 shortbow
Press: ? - help, Q - select action, (/) - cycle Shift-Dir - straight line, f/p - orc
Aim: an orc, wielding a +0 whip and wearing a +0 scale mail (almost dead, 68% to hit)
You shoot an arrow. The arrow closely misses the orc.
The arrow hits the orc priest.
The orc priest is lightly wounded.
The orc misses you. The orc barely misses you.
Fire: a) +0 shortbow
Press: ? - help, Q - select action, (/) - cycle Shift-Dir - straight line, f/p - orc
Aim: an orc, wielding a +0 whip and wearing a +0 scale mail (almost dead, 68% to hit)
You shoot an arrow. The arrow barely misses the orc.
The arrow hits the orc priest.
The orc priest is heavily wounded.
The orc closely misses you.
Unknown command.
Fire: a) +0 shortbow
Press: ? - help, Q - select action, (/) - cycle Shift-Dir - straight line, f/p - orc
Aim: an orc, wielding a +0 whip and wearing a +0 scale mail (almost dead, 68% to hit)
You shoot an arrow. The arrow barely misses the orc.
The arrow hits the orc priest.
The orc priest is almost dead.
The orc misses you.
The orc priest invokes the aid of Beogh against you.
Beogh smites you!
* * * LOW HITPOINT WARNING * * *
Unknown command.
It was a potion of might.
You feel very mighty all of a sudden. The orc hits you but does no damage.
Fire: a) +0 shortbow
Press: ? - help, Q - select action, (/) - cycle Shift-Dir - straight line, f/p - orc
Aim: an orc, wielding a +0 whip and wearing a +0 scale mail (black smoke, almost dead, 68% to hit)
You shoot an arrow. The arrow hits the orc.
You kill the orc!
Fire: a) +0 shortbow
Press: ? - help, Q - select action, (/) - cycle Shift-Dir - straight line, f - orc priest
Aim: an orc priest, wielding a +0 short sword (black smoke, severely wounded, 64% to hit)
You shoot an arrow. The arrow barely misses the orc priest.
The orc priest hits you with a +0 short sword.
You die...

####.##.>.........# #.###.#.#
#.......###.....).# #.###.#.#
#.##.#..####...#.## #.##..#.#
#.##.......#...#.## #.##.##.#
#.####..##.#...#..# #.##.##.#
#.####..##.#)..##.###.......#
#..............#§§§#.....##..
##########.####§#§#§#.#### #
#..@o§§.§.§..# ######o#§#.###
#§#§§.# #o##§## ##.##.#
#.)...# #...### #†..# #...#


You could see an orc priest.

Vanquished Creatures
  3 adders
  2 dart slugs
  2 orcs (D:3)
  An endoplasm (D:3)
  2 giant cockroaches
  6 hobgoblins
  10 jackals
  A quokka (D:2)
  2 ball pythons
  5 bats
  5 frilled lizards
  2 kobolds
  3 rats (D:1)
44 creatures vanquished.

Notes
Turn   | Place    | Note
-------+----------+-------------------------------------------
     0 | D:1      | Malachi the Demonspawn Hunter began the quest for the Orb.
     0 | D:1      | Reached XP level 1. HP: 16/16 MP: 1/1
   216 | D:1      | Reached skill level 4 in Ranged Weapons
   217 | D:1      | Gained mutation: Your touch may inflict minor irresistible
                  | damage on your foes. [demonic ancestry]
   217 | D:1      | Reached XP level 2. HP: 20/22 MP: 2/2
   786 | D:2      | Gained mutation: You are partially covered in rugged brown
                  | scales. (AC +1, +3% HP) [demonic ancestry]
   786 | D:2      | Reached XP level 3. HP: 23/28 MP: 3/3
   808 | D:2      | Found Qejyax's Jewellery Shoppe.
   844 | D:2      | Reached skill level 1 in Short Blades
  1275 | D:3      | Found a shadowy altar of Dithmenos.
  1383 | D:3      | Reached XP level 4. HP: 36/36 MP: 4/4
  1393 | D:3      | HP: 1/36 [orc priest/divine providence (15)]
  1400 | D:3      | Slain by an orc priest

Illustrated notes

Levels and vault maps discovered:
D:1:      lightli_arrival_statue_moat, layout_loops_cross
D:2:      layout_rooms, serial_shops, nicolae_shop_gaudy_bauble
D:3:      layout_loops_cross, grunt_dithmenos_smoke_and_mirrors,
          ebering_ecumenical_altar_mist

Skill      XL: |  1  2  3 |
---------------+----------+-----
Ranged Weapons | 4 |  4.2
Short Blades   | 1 |  1.7
Fighting       | 3 |  3.1
Dodging        | |  1.7
Stealth        | |  0.8

Action                     |  1- 3 |  4- 6 || total
---------------------------+-------+-------++-------
   Fire: Shortbow          |   123 |     9 ||   132
    Use: Potion            |       |     1 ||     1
 Armour: Leather armour    |    40 |     4 ||    44
  Dodge: Dodged            |    50 |     4 ||    54

Table legend: (Time is in decaauts)
 A = Elapsed time spent in this place.
 B = Non-inter-level travel time spent in this place.
 C = Inter-level travel time spent in this place.
 D = Time resting spent in this place.
 E = Time spent auto-exploring this place.
 F = Levels seen in this place.
 G = Mean time per level.
                   A        B        C        D        E       F      G
               +--------+--------+--------+--------+--------+-----+--------+
         Total |   1430 |   1342 |     88 |      0 |   1107 |   3 |  476.7 |
       Dungeon |   1430 |   1342 |     88 |      0 |   1107 |   3 |  476.7 |
               +--------+--------+--------+--------+--------+-----+--------+

Top non-repeatable levels by time:
     D:1: 715 daAuts
     D:2: 566 daAuts
     D:3: 147 daAuts
